 Dungeon Crawl Stone Soup version 0.29-a0-857-g9b1aa3ac5b (webtiles) character file.

Game seed: 17103308134444882396

48 mcwallace the Shooter (level 3, -6/28 HPs)
             Began as a Demonspawn Hunter on July 16, 2022.
             Killed by an exploding goblin (34 damage)
             ... ignited by their inner flame
             ... on level 3 of the Dungeon.
             The game lasted 00:02:29 (1182 turns).

mcwallace the Shooter (Demonspawn Hunter)           Turns: 1182, Time: 00:02:29

Health: -6/28      AC:  4    Str: 11    XL:     3   Next: 50%
Magic:  12/12      EV: 12    Int: 10    God:
Gold:   184        SH:  0    Dex: 18    Spells: 2/2 levels left

rFire   . . .      SeeInvis .   a - +0 shortbow {bow}
rCold   . . .      Faith    .   (shield currently unavailable)
rNeg    . . .      Spirit   .   c - +0 leather armour
rPois   .          Reflect  .   (no helmet)
rElec   .          Harm     .   (no cloak)
rCorr   .          Rampage  .   (no gloves)
Will    .....                   (no boots)
Stlth   ++........              (no amulet)
HPRegen 0.09/turn               k - ring of magical power
MPRegen 0.13/turn               (no ring)

@: no status effects
A: sharp scales 1
a: no special abilities


You were on level 3 of the Dungeon.
You visited 1 branch of the dungeon, and saw 3 of its levels.

You collected 184 gold pieces.


Innate Abilities, Weirdness & Mutations

You are partially covered in razor-sharp scales. (AC +1, Slay +1)


   Skills:
 + Level 2.6 Fighting
 + Level 4.0 Ranged Weapons
 + Level 1.2 Armour
 + Level 2.3 Dodging
 - Level 0.8 Stealth


You had 2 spell levels left.
You didn't know any spells.
Your spell library contained the following spells:

 Spells                   Type           Power      Damage    Failure   Level
 Summon Forest            Summ/Tloc      0%         N/A       100%        5
 Eringya's Noxious Bog    Tmut/Pois      0%         N/A       100%        6
 Summon Hydra             Summ           0%         N/A       100%        7

Inventory:

Hand Weapons
 a - a +0 shortbow (weapon) {bow}
 p - a +1 vorpal war axe {axe}
   (You took it off an orc on level 2 of the Dungeon)
Missiles
 e - 10 stones {throwing}
 q - a boomerang {throwing}
Armour
 c - a +0 leather armour (worn)
 i - a +0 scale mail
   (You found it on level 1 of the Dungeon)
 m - a +0 ring mail
   (You found it on level 2 of the Dungeon)
 n - a +0 ring mail
   (You found it on level 2 of the Dungeon)
 o - a +0 ring mail
   (You took it off an orc on level 2 of the Dungeon)
Jewellery
 k - a ring of magical power (left hand)
   (You found it on level 1 of the Dungeon)
Scrolls
 d - 2 scrolls of teleportation {unknown}
 g - a scroll of silence {unknown}
 j - a scroll of identify {unknown}
Potions
 f - a potion of berserk rage {unknown}
 h - a potion of attraction {unknown}
 l - a potion of degeneration {unknown}

Dungeon Overview and Level Annotations

Branches:
Dungeon (3/15) Zot: 16794

Altars:

Annotations:
D:3 Robin

#. ..........
#g #.........
#g.g.......#
#..#gg.....#
#ggg.......#
#..[.......##
###§gg..S....
#...○@.......
#.#§##.......
# .......
.......
..>....
.......
...?...
......#


You could see Robin (inner flame), 9 goblins and a ball python (inner flame).


Message History

Unknown command.
An orc is nearby!
An orc is nearby!
Fire: a) +0 shortbow {bow}
Press: ? - help, Q - select action, (/) - cycle Shift-Dir - straight line, f - orc
Aim: an orc, wielding a +1 vorpal war axe and quivering boomerangs (asleep, 98% to hit)
You shoot an arrow. The arrow hits the orc!
You kill the orc!
Fire: a) +0 shortbow {bow}
Press: ? - help, Q - select action, (/) - cycle Shift-Dir - straight line, f - you That would be overly suicidal.
Okay, then.
Fire: a) +0 shortbow {bow}
Press: ? - help, Q - select action, (/) - cycle Shift-Dir - straight line, f - you That would be overly suicidal.
Okay, then.
An orc comes into view. It is wielding a +0 dagger.
The orc shouts!
You hear a shout!
The orc moves out of view.
An orc comes into view. It is wielding a +0 hand axe.
You shoot an arrow. The arrow hits the orc.
There are monsters nearby!
Fire: a) +0 shortbow {bow}
Press: ? - help, Q - select action, (/) - cycle Shift-Dir - straight line, f/p - orc
Aim: an orc, wielding a +0 hand axe and wearing a +0 ring mail (heavily wounded, 68% to hit)
You shoot an arrow.
The arrow hits the orc but does no damage.
Fire: a) +0 shortbow {bow}
Press: ? - help, Q - select action, (/) - cycle Shift-Dir - straight line, f/p - orc
Aim: an orc, wielding a +0 hand axe and wearing a +0 ring mail (heavily wounded, 68% to hit)
You shoot an arrow. The arrow closely misses the orc.
Fire: a) +0 shortbow {bow}
Press: ? - help, Q - select action, (/) - cycle Shift-Dir - straight line, f/p - orc
Aim: an orc, wielding a +0 hand axe and wearing a +0 ring mail (heavily wounded, 68% to hit)
You shoot an arrow. The arrow hits the orc!
You kill the orc!
Fire: a) +0 shortbow {bow}
Press: ? - help, Q - select action, (/) - cycle Shift-Dir - straight line, f - orc
Aim: an orc, wielding a +0 dagger (64% to hit)
You shoot an arrow. The arrow hits the orc.
Fire: a) +0 shortbow {bow}
Press: ? - help, Q - select action, (/) - cycle Shift-Dir - straight line, f/p - orc
Aim: an orc, wielding a +0 dagger (moderately wounded, 64% to hit)
You shoot an arrow. The arrow hits the orc.
The orc misses you.
Fire: a) +0 shortbow {bow}
Press: ? - help, Q - select action, (/) - cycle Shift-Dir - straight line, f/p - orc
Aim: an orc, wielding a +0 dagger (severely wounded, 64% to hit)
You shoot an arrow. The arrow closely misses the orc.
The orc hits you but does no damage.
Fire: a) +0 shortbow {bow}
Press: ? - help, Q - select action, (/) - cycle Shift-Dir - straight line, f/p - orc
Aim: an orc, wielding a +0 dagger (severely wounded, 64% to hit)
You shoot an arrow. The arrow hits the orc!
You kill the orc!
Your Ranged Weapons skill increases to level 4!
Things that are here:
a +0 dagger {short}; an orc corpse
o - a +0 ring mail
Things that are here:
a +0 hand axe {axe}; an orc corpse You see here a +0 whip {mace}.
p - a +1 vorpal war axe {axe};
q - a boomerang {throwing}
Things that are here:
a +0 dagger {short}; an orc corpse You see here a bat corpse.
Done exploring.
Done exploring.
There is a stone staircase leading down here.
You climb downwards.
Robin shouts!
The goblin shouts!
The hobgoblin shouts!
The goblin shouts! x4
The ball python hisses angrily.
The goblin shouts!
You hear an angry hiss.
Found a blackened ring mail and a scroll labelled BABRIGASHU.
Found a stone staircase leading down.
There is a stone staircase leading up here.
There are monsters nearby!
Read: scroll of immolation {!r!r}
Press: ? - help, Q - select action, (/) - cycle Dir - look around, f - activate Look: a goblin, wielding a +0 club (susceptible)
As you read the scroll of immolation {!r!r}, it crumbles to dust.
The creatures around you are filled with an inner flame!
The goblin shouts!
Robin roars a battlecry!
The goblins go into a battle-frenzy!
Fire: a) +0 shortbow {bow}
Press: ? - help, Q - select action, (/) - cycle Shift-Dir - straight line, f/p - goblin
Aim: a goblin, wielding a +0 club (inner flame, strong, 59% to hit)
You shoot an arrow. The goblin shouts!
The arrow hits the goblin.
Flame seeps out of the goblin.
You hear an angry hiss.
The goblin unwields a +0 dagger.
The goblin wields a +0 sling.
The goblin shoots a sling bullet.
The sling bullet closely misses you. The goblin misses you.
The goblin is engulfed in blazing flames.
The goblin explodes!
The fiery explosion engulfs the hobgoblin!!!
The fiery explosion engulfs you!!
Ouch! That really hurt!
You die...

Skill      XL: |  1  2  3 |
---------------+----------+-----
Dodging        | 2 |  2.3
Armour         | 1 |  1.2
Ranged Weapons | 4 |  4.0
Fighting       | |  2.6
Stealth        | |  0.8

Action                   || total
-------------------------++-------
 Fire: Shortbow          ||    65
  Use: Scroll            ||     1
Armor: Leather armour    ||     1
Dodge: Dodged            ||    15

Levels and vault maps discovered:
D:1:      spicycebolla_arrival_xxxplode, layout_basic
D:2:      layout_rooms, shapermc_ecumenical_altar_starsandcircs
D:3:      layout_loops_cross, minmay_fractal_squares_diagonal_5, uniq_robin

Notes
Turn   | Place    | Note
-------+----------+-------------------------------------------
     0 | D:1      | mcwallace the Demonspawn Hunter began the quest for the
                  | Orb.
     0 | D:1      | Reached XP level 1. HP: 16/16 MP: 1/1
     0 | D:1      | magus.rc [v1.9.6]
    23 | D:1      | You add the spells Summon Forest, Eringya's Noxious Bog and
                  | Summon Hydra to your library.
   101 | D:1      | Reached skill level 2 in Dodging
   111 | D:1      | Gained mutation: You are partially covered in razor-sharp
                  | scales. (AC +1, Slay +1) [demonic ancestry]
   111 | D:1      | Reached XP level 2. HP: 22/22 MP: 2/2
   642 | D:2      | Reached skill level 1 in Armour
   899 | D:2      | Reached XP level 3. HP: 28/28 MP: 3/3
   900 | D:2      | Found a faded altar of an unknown god.
  1068 | D:2      | Reached skill level 4 in Ranged Weapons
  1180 | D:3      | Noticed Robin
  1182 | D:3      | Killed by an exploding goblin... ignited by their inner
                  | flame

Vanquished Creatures
  An adder (D:2)
  2 dart slugs (D:1)
  4 orcs (D:2)
  An endoplasm (D:1)
  5 goblins
  4 hobgoblins
  A quokka (D:2)
  3 ball pythons (D:1)
  5 bats
  3 kobolds
  2 rats (D:2)
31 creatures vanquished.

Table legend:
 A = Non-vault XP
 B = Vault XP
 C = Vault XP percentage of total XP
 D = Non-vault monster count
 E = Vault monster count
 F = Vault count percentage of total count
                 A         B        C        D         E       F
            +---------+---------+-------+---------+---------+-------
      Total |      69 |       4 |   5.5 |      29 |       2 |   6.5
            +---------+---------+-------+---------+---------+-------
        D:1 |      34 |       0 |   0.0 |      18 |       0 |   0.0
        D:2 |      35 |       0 |   0.0 |      11 |       0 |   0.0
        D:3 |       0 |       4 | 100.0 |       0 |       2 | 100.0
            +---------+---------+-------+---------+---------+-------

Illustrated notes

Table legend:
 A = Kills in this place as a percentage of kills in entire the game.
 B = Kills by you in this place as a percentage of kills by you in the entire game.
 C = Kills by friends in this place as a percentage of kills by friends in the entire game.
 D = Other kills in this place as a percentage of other kills in the entire game.
 E = Experience gained in this place as a percentage of experience gained in the entire game.
 F = Experience gained in this place divided by the number of levels of this place that you have seen.
                   A       B       C       D       E      F
               +-------+-------+-------+-------+-------+----------------------
         Total | 100.0 | 100.0 |   N/A |   N/A | 100.0 |  24.3
       Dungeon | 100.0 | 100.0 |   N/A |   N/A | 100.0 |  24.3
               +-------+-------+-------+-------+-------+----------------------

Table legend: (Time is in decaauts)
 A = Elapsed time spent in this place.
 B = Non-inter-level travel time spent in this place.
 C = Inter-level travel time spent in this place.
 D = Time resting spent in this place.
 E = Time spent auto-exploring this place.
 F = Levels seen in this place.
 G = Mean time per level.
                   A        B        C        D        E       F      G
               +--------+--------+--------+--------+--------+-----+--------+
         Total |   1204 |   1180 |     24 |      0 |   1041 |   3 |  401.3 |
       Dungeon |   1204 |   1180 |     24 |      0 |   1041 |   3 |  401.3 |
               +--------+--------+--------+--------+--------+-----+--------+

Top non-repeatable levels by time:
     D:1: 646 daAuts
     D:2: 555 daAuts
     D:3: 1 daAuts
